 Dungeon Crawl Stone Soup version 0.30-a0-1094-g860fb061e7 (webtiles) character file.

Game seed: 13449549200981147353

75 lunkers the Slasher (level 4, -3/38 HPs)
             Began as a Meteoran Fighter on Apr 17, 2023.
             Slain by a gnoll
             ... wielding a +0 spear
              (6 damage)
             ... on level 2 of the Dungeon.
             The game lasted 00:01:13 (772 turns).

lunkers the Slasher (Meteoran Fighter)               Turns: 772, Time: 00:01:14

Health: -3/38      AC:  6    Str: 17    XL:     4   Next: 86%
Magic:  5/5        EV:  9    Int:  9    God:
Gold:   63         SH:  5    Dex: 16    Spells: 3/3 levels left

rFire   . . .      SeeInvis .    a - +0 long sword
rCold   + . .      Faith    .    c - +0 buckler
rNeg    . . .      Spirit   .    b - +0 scale mail
rPois   .          Reflect  .    (no helmet)
rElec   .          Rampage  .    (no cloak)
rCorr   .                        (no gloves)
Will    .....                    (no boots) Stlth
                                 (no amulet)
HPRegen 0.26/turn                e - ring of protection from cold
MPRegen 0.09/turn                (no ring)

@: glowing
A: sense surroundings 1, otherworldly, glowing, explore regen
a: no special abilities


You were on level 2 of the Dungeon.
You visited 1 branch of the dungeon, and saw 2 of its levels.

You collected 63 gold pieces.

Inventory:

Hand Weapons
 a - a +0 long sword (weapon)
Armour
 b - a +0 scale mail (worn)
 c - a +0 buckler (worn)
Jewellery
 e - a ring of protection from cold (left hand)
Scrolls
 g - a scroll of teleportation {unknown}
 h - 2 scrolls of noise {unknown}
 j - a scroll of silence {unknown}
 l - a scroll of amnesia {unknown}
Potions
 d - a potion of might
 f - a potion of mutation {unknown}
 i - a potion of flight {unknown}
 k - a potion of heal wounds {unknown}


   Skills:
 - Level 3.2 Fighting
 + Level 5.4 Long Blades
 - Level 3.6 Armour
 - Level 3.6 Shields


You had 3 spell levels left.
You didn't know any spells.
Your spell library contained the following spells:

 Spells                   Type           Power      Damage    Failure   Level
 Sandblast                Erth           0%         2d4       87%         1
 Passwall                 Tmut/Erth      0%         N/A       95%         2
 Stone Arrow              Conj/Erth      0%         3d7       99%         3


Dungeon Overview and Level Annotations

Branches:
Dungeon (2/15) Zot: 399

Altars:


Innate Abilities, Weirdness & Mutations

You passively map a small area around you.
You are easily found by Zot.
You glow in the dark.
You regain HP and MP as you explore.


Message History

A gnoll comes into view. It is wielding a +0 spear.
Things that are here:
a +0 spear; 3 poisoned darts; a gnoll corpse You hit the gnoll.
The gnoll is heavily wounded.
The gnoll barely misses you. The rat bites you but does no damage.
The gnoll barely misses you.
You closely miss the gnoll.
The gnoll is heavily wounded.
The rat bites you. The gnoll hits you with a +0 halberd.
You hit the gnoll but do no damage.
The gnoll is heavily wounded.
The rat bites you but does no damage.
There are monsters nearby!
There are monsters nearby!
Unknown command.
You hit the gnoll but do no damage.
The gnoll is heavily wounded.
The rat bites you. The gnoll hits you but does no damage.
The gnoll barely misses you.
You hit the gnoll.
The gnoll is heavily wounded.
The gnoll hits you with a +0 halberd!
* * * LOW HITPOINT WARNING * * *
The rat completely misses you. You block the gnoll's attack.
You barely miss the gnoll.
The gnoll is heavily wounded.
The gnoll hits you with a +0 halberd!
* * * LOW HITPOINT WARNING * * *
The rat completely misses you.
The gnoll hits you from afar with a +0 spear.
* * * LOW HITPOINT WARNING * * *
The gnoll hits you from afar with a +0 spear.
* * * LOW HITPOINT WARNING * * *
The rat bites you but does no damage. The gnoll barely misses you.
You completely miss the gnoll.
The gnoll is heavily wounded.
The rat closely misses you.
The gnoll hits you from afar with a +0 spear.
You die...

* .. *## ##*** .##. .#*
* ** , * ,...#.. , ,,, ,
,, *#...** * ,
##.########## , ,
#...........# ,
#..########.#####
#.#.####..#.......^.....
#....g.@)...######.#####
,(.....rg..########.##
###.####.## #.......# #.
, #.# #.####..# * #.#
##.####..#
...,.........# * ###
########.# #.# #.####


You could see 2 gnolls and a rat.

Vanquished Creatures
  2 gnolls (D:2)
  An adder (D:2)
  A dart slug (D:2)
  3 ball pythons (D:1)
  6 endoplasms
  2 giant cockroaches
  3 goblins (D:1)
  4 hobgoblins
  4 jackals (D:1)
  4 kobolds
  A quokka (D:1)
  6 bats
  A frilled lizard (D:1)
  2 rats (D:2)
40 creatures vanquished.

Notes
Turn   | Place    | Note
-------+----------+-------------------------------------------
     0 | D:1      | lunkers the Meteoran Fighter began the quest for the Orb.
     0 | D:1      | Reached XP level 1. HP: 19/19 MP: 2/2
    91 | D:1      | Reached skill level 3 in Long Blades
    91 | D:1      | Reached XP level 2. HP: 26/26 MP: 3/3
   165 | D:1      | Reached XP level 3. HP: 31/31 MP: 4/4
   214 | D:1      | Reached skill level 4 in Long Blades
   481 | D:1      | Glimpsed the power of Zot.
   587 | D:2      | Reached XP level 4. HP: 26/38 MP: 5/5
   735 | D:2      | Reached skill level 5 in Long Blades
   772 | D:2      | Slain by a gnoll

Illustrated notes

Levels and vault maps discovered:
D:1:      lemuel_arrival_hallway, layout_basic, minmay_pentomino_t4
D:2:      layout_loops_ring, shapermc_ecumenical_altar_ellora

Skill      XL: |  1  2  3  4 |
---------------+-------------+-----
Long Blades    | 3 4 5 |  5.4
Fighting       | |  3.2
Armour         | |  3.6
Shields        | |  3.6

Action                     |  1- 3 |  4- 6 || total
---------------------------+-------+-------++-------
  Melee: Long sword        |    89 |    32 ||   121
 Armour: Scale mail        |    51 |    13 ||    64
  Dodge: Dodged            |    31 |    13 ||    44
  Block: Buckler           |    32 |     6 ||    38

Table legend: (Time is in decaauts)
 A = Elapsed time spent in this place.
 B = Non-inter-level travel time spent in this place.
 C = Inter-level travel time spent in this place.
 D = Time resting spent in this place.
 E = Time spent auto-exploring this place.
 F = Levels seen in this place.
 G = Mean time per level.
                   A        B        C        D        E       F      G
               +--------+--------+--------+--------+--------+-----+--------+
         Total |    799 |    781 |     18 |      0 |    505 |   2 |  399.5 |
       Dungeon |    799 |    781 |     18 |      0 |    505 |   2 |  399.5 |
               +--------+--------+--------+--------+--------+-----+--------+

Top non-repeatable levels by time:
     D:1: 519 daAuts
     D:2: 280 daAuts
